 Dungeon Crawl Stone Soup version 0.26-a0-466-g989023bd0d (webtiles) character file.

Game seed: 4653917591614436281

230 KristoblXynda the Slasher (level 5, -1/45 HPs)
             Began as a Draconian Fighter on July 30, 2020.
             Slain by Natasha (5 damage)
             ... on level 3 of the Dungeon.
             The game lasted 00:03:12 (2795 turns).

KristoblXynda the Slasher (Draconian Fighter)       Turns: 2795, Time: 00:03:13

Health: -1/45      AC:  8    Str: 19    XL:     5   Next: 72%
Magic:  5/5        EV: 11    Int:  9    God:
Gold:   60         SH:  9    Dex: 10    Spells: 4/4 levels left

rFire    . . .     SeeInvis .   a - +0 long sword
rCold    . . .     Faith    .   b - +0 kite shield
rNeg     . . .     Spirit   .   (armour unavailable)
rPois    .         Reflect  .   (helmet restricted)
rElec    .         Harm     .   g - +2 cloak
rCorr    .         Rnd*Tele +   (no gloves)
MR       .....                  (no boots)
Stlth    +.........             (no amulet)
HPRegen  0.15/turn              l - ring of teleportation (curse)
MPRegen  0.09/turn              (no ring)

@: brilliant, lethally poisoned (-1 -> -2), slowed, lightly drained, very slow
A: unfitting armour, cold-blooded, AC +5
a: no special abilities


You were on level 3 of the Dungeon.
You visited 1 branch of the dungeon, and saw 4 of its levels.

You collected 60 gold pieces.

Inventory:

Hand Weapons
 a - a +0 long sword (weapon)
Armour
 b - a +0 kite shield (worn)
 g - a +2 cloak (worn)
Jewellery
 l - a cursed ring of teleportation (left hand)
Scrolls
 d - 2 scrolls of identify
 i - a scroll of teleportation
Potions
 c - a potion of might
 h - a potion of mutation


   Skills:
 - Level 3.2 Fighting
 * Level 4.5(4.4) Long Blades
 + Level 3.7(3.6) Dodging
 + Level 4.1(4.0) Shields


You had 4 spell levels left.
You didn't know any spells.
Your spell library was empty.

Dungeon Overview and Level Annotations

Branches:
Dungeon (4/15)
 Temple: D:4-7

Altars:
Gozag
Nemelex Xobeh

Annotations:
D:3 1 runed translucent door, Natasha


Innate Abilities, Weirdness & Mutations

Your plain brown scales are hard. (AC +5)
You cannot fit into any form of body armour.
You are cold-blooded and may be slowed by cold attacks.


Message History

Natasha is heavily wounded.
You feel sick. You block Natasha's attack.
You miss Natasha.
You tail-slap Natasha, but do no damage.
Natasha is heavily wounded.
You feel sick. Natasha claws you but does no damage. Natasha claws you.
* * * LOW HITPOINT WARNING * * *
You hit Natasha but do no damage.
Your tail-slap misses Natasha.
Natasha is heavily wounded.
Natasha claws you.
* * * LOW HITPOINT WARNING * * *
Natasha closely misses you.
You riposte.
You barely miss Natasha.
Natasha is heavily wounded.
Unknown command.
You barely miss Natasha.
Your tail-slap misses Natasha.
Natasha is heavily wounded.
You feel sick. You block Natasha's attack. Natasha misses you.
Unknown command.
Natasha claws you.
You die...

#......†.........#..._..
#..........#####.#.8...8
#..........# #..._..
#..........# #......
#..[......h# ##..⌠..
##########.# ##...#
####.# ###### #.hg.#
#####..... #@####
#...'..... #.#
#.###..... #.# #.....
#.# #..... #.# #.....
#.# ###### #.# #.#


You could see Natasha and a hobgoblin.

Vanquished Creatures
  An orc wizard (D:4)
  Crazy Yiuf (D:3)
  An orc priest (D:4)
  A worker ant (D:3)
  Robin (D:3)
  2 adders
  3 worms
  3 leopard geckos (D:3)
  6 orcs
  8 bats (D:1)
  5 giant cockroaches
  20 goblins
  5 hobgoblins
  5 kobolds
  A ball python (D:2)
  A frilled lizard (D:1)
  7 rats
  A butterfly (D:4)
72 creatures vanquished.

Notes
Turn   | Place    | Note
-------+----------+-------------------------------------------
     0 | D:1      | KristoblXynda the Draconian Fighter began the quest for the
                  | Orb.
     0 | D:1      | Reached XP level 1. HP: 19/19 MP: 1/1
     3 | D:1      | Noticed an electric eel
     3 | D:1      | Noticed an electric eel
   212 | D:1      | Reached XP level 2. HP: 26/26 MP: 2/2
   901 | D:1      | Reached XP level 3. HP: 30/31 MP: 3/3
  1516 | D:2      | You fall into a shaft and drop 2 floors!
  1535 | D:4      | Reached XP level 4. HP: 35/38 MP: 4/4
  1572 | D:4      | HP: 1/38 [something (3)]
  2234 | D:3      | Reached XP level 5. HP: 41/45 MP: 5/5
  2372 | D:3      | Found an opulent altar of Gozag.
  2372 | D:3      | Found a sparkling altar of Nemelex Xobeh.
  2395 | D:3      | Noticed Robin
  2412 | D:3      | Killed Robin
  2598 | D:3      | Found a runed translucent door.
  2599 | D:3      | Noticed Crazy Yiuf
  2613 | D:3      | Killed Crazy Yiuf
  2762 | D:3      | Noticed Natasha
  2795 | D:3      | Slain by Natasha

Illustrated notes

Levels and vault maps discovered:
D:1:      arrival_aquarium_b, layout_loops_ring
D:2:      layout_loops_corners, okawaru_trees_2,
          yredelemnul_forgotten_temple_becter, minmay_distorted
D:3:      layout_basic, grunt_temple_overflow_opulence, uniq_crazy_yiuf_cottage,
          uniq_robin, uniq_terence, uniq_natasha
D:4:      layout_loops_ring, hangedman_glass_garden, serial_bayou_pond_a,
          wad_floor_pattern_untrapped, corexii_leaking_fountain,
          minmay_misc_feat_iff

Skill      XL: |  1  2  3  4  5 |
---------------+----------------+-----
Dodging        | 3 |  3.7
Long Blades    | 3 4 |  4.5
Shields        | 4 |  4.1
Fighting       | |  3.2

Action                   |  1- 3 |  4- 6 || total
-------------------------+-------+-------++-------
Melee: Long sword        |   107 |   128 ||   235
       Tailslap          |    12 |     9 ||    21
  Use: Scroll            |       |     5 ||     5
       Potion            |       |     4 ||     4
Armor: Skin              |    29 |    42 ||    71
Dodge: Dodged            |    48 |    82 ||   130
Block: Kite shield       |    71 |    67 ||   138
       Rpst.: Long sword |    20 |    33 ||    53

Table legend: (Time is in decaauts)
 A = Elapsed time spent in this place.
 B = Non-inter-level travel time spent in this place.
 C = Inter-level travel time spent in this place.
 D = Time resting spent in this place.
 E = Time spent auto-exploring this place.
 F = Levels seen in this place.
 G = Mean time per level.
                   A        B        C        D        E       F      G
               +--------+--------+--------+--------+--------+-----+--------+
         Total |   2871 |   2836 |     35 |   1089 |   1089 |   4 |  717.8 |
       Dungeon |   2871 |   2836 |     35 |   1089 |   1089 |   4 |  717.8 |
               +--------+--------+--------+--------+--------+-----+--------+

Top non-repeatable levels by time:
     D:1: 1062 daAuts
     D:3: 934 daAuts
     D:2: 486 daAuts
     D:4: 389 daAuts
